 Dungeon Crawl Stone Soup version 0.31.0-9-g3a7656b989 (webtiles) character file.

Game seed: 903530374460524890

1510310 GordonOverkill the Conqueror (level 27, 323/323 HPs)
             Began as an Oni Berserker on Jan 31, 2024.
             Was a High Priest of Trog.
             Escaped with the Orb
             ... and 3 runes on Feb 1, 2024!
             The game lasted 02:12:37 (83552 turns).

GordonOverkill the Conqueror (Oni Berserker)       Turns: 83552, Time: 02:12:38

Health: 323/323    AC: 43    Str: 37    XL:     27
Magic:  20/20      EV:  8    Int: 10    God:    Trog [*****.]
Gold:   2509       SH: 17    Dex:  8    Spells: 26/26 levels left

rFire   + + +        W - +9 eveningstar (vamp)
rCold   + + .        p - +0 kite shield {rF+}
rNeg    . . .        y - +9 gold dragon scales
rPois   +            J - +3 crown of Dyrovepreva {rElec Int+2 SInv}
rElec   +            T - scarf {rC+ rF+}
rCorr   .            (gloves unavailable)
SInv    +            (boots unavailable)
Will    +++..        C - amulet of reflection Stlth
                     V - +4 ring of protection
HPRegen 0.73/turn    F - ring of willpower
MPRegen 0.17/turn

%: reflection
@: no status effects
A: large, unfitting armour, horns 1, tough skin 1, double potion healing,
drunken brawling, low MP 1, screaming 1, weak 1, subdued magic 1, inability to
read after injury 1
0: Orb of Zot
}: 3/15 runes: decaying, silver, gossamer
a: Renounce Religion, Berserk, Trog's Hand, Brothers in Arms


You escaped.
You worshipped Trog.
Trog was extremely pleased with you.
You visited 8 branches of the dungeon, and saw 44 of its levels.
You visited 1 bazaar.
You also visited: Ice Cave and Volcano.

You collected 6854 gold pieces.
You spent 4345 gold pieces at shops.

Inventory:

Hand Weapons
 W - a +9 vampiric eveningstar (weapon)
Missiles
 m - 33 boomerangs
 o - 75 large rocks (quivered)
 s - 20 curare-tipped darts
 w - 4 throwing nets
Armour
 p - a +0 kite shield of fire resistance (worn)
 y - +9 gold dragon scales (worn)
 J - the +3 crown of Dyrovepreva (worn) {rElec Int+2 SInv}
   (You found it on level 1 of the Lair of Beasts)

   Int+2:     It affects your intelligence (+2).
   rElec:     It insulates you from electricity.
   SInv:      It lets you see invisible.
 T - a scarf of resistance (worn)
Jewellery
 j - a ring of protection from cold
 C - an amulet of reflection (around neck)
 F - a ring of willpower (right hand)
 M - the ring "Sysimani" {Fire Fly rElec rN++ Dex-2 Slay+2}
   (You found it on level 3 of the Lair of Beasts)

   [ring of fire]

   Fire:      It enhances your fire magic.
   Dex-2:     It affects your dexterity (-2).
   Slay+2:    It affects your accuracy & damage with ranged weapons and melee
   (+2).
   rF+:       It protects you from fire.
   rC-:       It makes you vulnerable to cold.
   rElec:     It insulates you from electricity.
   rN++:      It greatly protects you from negative energy.
   Fly:       It grants you flight.
 N - a ring of see invisible
 V - a +4 ring of protection (left hand)
Wands
 e - a wand of digging (14)
 u - a wand of charming (50)
 B - a wand of flame (101)
 E - a wand of mindburst (28)
 I - a wand of iceblast (23)
 O - a wand of light (20)
Scrolls
 g - a scroll of enchant weapon
 q - 9 scrolls of immolation
 r - 5 scrolls of fog
 t - 9 scrolls of vulnerability
 D - a scroll of silence
 H - 2 scrolls of butterflies
 K - 25 scrolls of identify
 R - 5 scrolls of blinking
 U - 17 scrolls of teleportation
 X - 5 scrolls of fear
 Z - a scroll of revelation
Potions
 b - 10 potions of mutation
 d - 12 potions of magic
 f - 11 potions of haste
 h - 10 potions of enlightenment
 i - 17 potions of might
 k - 9 potions of invisibility
 l - 15 potions of heal wounds
 n - 6 potions of resistance
 z - 4 potions of berserk rage
 A - 25 potions of curing
 G - 9 potions of lignification
 L - 3 potions of cancellation
 Q - 10 potions of ambrosia
Miscellaneous
 a - a phial of floods
 c - a sack of spiders
 x - a lightning rod (4/4)
 Y - a condenser vane


   Skills:
 O Level 27 Fighting
 - Level 23.0 Maces & Flails
 O Level 27 Armour
 - Level 10.0 Dodging
 - Level 15.0 Shields
 + Level 14.9 Evocations


You had 26 spell levels left.
You didn't know any spells.
Your spell library was empty.

Dungeon Overview and Level Annotations

Branches:
Dungeon (15/15)            Temple (0/1) D:7            Lair (5/5) D:11
  Swamp (4/4) Lair:2       Spider (4/4) Lair:3        Slime (0/5) Lair:5
    Orc (2/2) D:11            Elf (0/3) Orc:2        Vaults (5/5) D:14
  Crypt (0/3) Vaults:2     Depths (4/4) D:15            Zot (5/5) Depths:4
  IceCv (visited)         Volcano (visited)

Altars:
Fedhas
Makhleb
Nemelex Xobeh
Ru
Sif Muna
Trog
Zin
Jiyva
Lugonu

Shops:
D:5 *   D:10 :   D:11 (   D:14 ![   Orc:2 ([*(   Vaults:1 [   Vaults:2 !
Depths:1 [=

Portals:
Hell: Depths:1 Depths:2 Depths:3 Depths:4
Abyss: D:6 Depths:3
Pandemonium: Depths:1 Depths:2
Ziggurat: Depths:3

Annotations:
Swamp:1 exclusion: downstairs
Swamp:2 Roxanne


Innate Abilities, Weirdness & Mutations

You are too large for most types of armour.
You have a pair of small horns on your head.
You have tough skin. (AC +1)
You gain doubled healing and magic from potions.
Whenever you drink a healing potion, you attack all around you.
Your magical capacity is low. (-10% MP)
You occasionally shout uncontrollably at your foes.
You are weak. (Str -2)
Your spells are a little easier to cast, but a little less powerful.
You occasionally lose the ability to read scrolls when taking damage.


Message History

You barely miss the hellwing. Your headbutt misses the hellwing.
You hit the hellwing but do no damage. Your headbutt misses the hellwing.
The hellwing hits you but does no damage.
You block the hellwing's attack.
You bludgeon the hellwing!! Your headbutt misses the hellwing.
The hellwing is heavily wounded.
You block the hellwing's attack. x2
You hit the hellwing.
The hellwing is severely wounded.
You block the hellwing's attack. x2
You hit the hellwing but do no damage.
You headbutt the hellwing, but do no damage.
The hellwing is severely wounded.
You stick the hellwing like a pincushion!!!
You kill the hellwing!
Trog accepts your kill.
No target in view!
No target in view!
There is a stone staircase leading up, spattered with blood here.
You climb upwards.
There is a stone staircase leading down here.
What level of the Dungeon? (default 1, ? - help)
A soul eater comes into view.
There is a stone staircase leading up here.
You climb upwards.
There is a stone staircase leading down, spattered with blood here.
What level of the Dungeon? (default 1, ? - help)
There is a stone staircase leading up here.
You climb upwards.
There is a stone staircase leading down here.
There is a stone staircase leading up here.
There is a stone staircase leading up here.
You climb upwards.
There is a stone staircase leading down here.
There is a stone staircase leading up here.
You climb upwards.
There is a stone staircase leading down here.
There is an open door here.
There is a staircase leading out of the dungeon here.
You have escaped!

............# #........##.......
..#.###..#.#####........###.####.
#.#.# #................####+####.
#.#.###.#.#.♣♣♣♣♣♣♣♣♣..........#.
#.......#>#.♣PP..PP..♣.........##
###'#####.#.♣PP..P...♣.........##
..........#.♣..PP...P♣..........#
#....#####..♣..P...PP♣..........#
#....+......♣PP.@.P..♣.#.)..#...#
##...#####..♣P...PP..♣.#.####(..#
#...#####..♣...P..PP♣.#..#.+...'
##.........♣..PP..PP♣....#.#...#
#.#####....♣♣♣♣♣♣♣♣♣......#...#
#.# #.................###...# #.#
#..######..........###### #.#
#..# #.........## #.# #..#
#..#####..#######


There were no monsters in sight!

Vanquished Creatures
  4 dread liches
  5 orbs of fire
  4 ancient liches
  A juggernaut (Depths:3)
  The ghost of ongoing the Bringer of Light, a legendary FoMo of the Shining One (Zot:4)
  Parghit (Depths:3)
  7 Killer Klowns (Zot:5)
  the Lernaean hydra (Swamp:4)
  Margery (Vaults:5)
  A curse toe (Zot:3)
  4 caustic shrikes
  13 golden dragons
  Nikola (Vaults:3)
  An Ice Fiend (Depths:4)
  3 electric golems
  26 Orb Guardians
  27 tentacled monstrosities
  A walking crystal tome (Depths:2)
  7 liches
  2 titans (Vaults:5)
  6 quicksilver dragons
  6 sphinxes
  Gastronok (D:8)
  12 death cobs
  7 tengu reavers
  Kirke (D:13)
  12 storm dragons
  2 protean progenitors
  12 shadow dragons
  7 draconian knights
  9 fire giants
  3 draconian shifters
  7 emperor scorpions
  15 draconian monks
  A fenstrider witch (Swamp:3)
  7 draconian scorchers
  9 vault wardens
  A caustic shrike zombie (Depths:3)
  4 iron dragons
  10 frost giants
  6 ghost moths
  A deep elf sorcerer (Vaults:1)
  A reaper (Depths:3)
  3 draconian stormcallers
  9 draconian annihilators
  2 orc warlords
  10 very ugly things
  16 ironbound preservers
  2 cacodemons
  3 broodmothers
  A vampire knight (Depths:4)
  11 ironbound thunderhulks
  A juggernaut zombie (Depths:2)
  5 formless jellyfish
  4 deep elf demonologists (Vaults:5)
  2 spriggan defenders (Depths:3)
  15 stone giants
  A deep elf death mage (Vaults:5)
  2 eleionomae
  15 yellow draconians
  6 deep elf annihilators
  17 green draconians
  16 black draconians
  4 spark wasps
  2 war gargoyles
  21 purple draconians
  4 bunyips
  18 red draconians
  2 eidola (Vaults:3)
  19 white draconians
  9 ettins
  15 dire elephants
  The ghost of Deesahac the Severer, a journeyman BaFi of Cheibriados (Lair:3)
  7 fire dragons
  2 crystal guardians
  2 merfolk impalers
  The ghost of Xudgha the Protected, a journeyman MiFi of Okawaru (Lair:2)
  3 deep elf high priests (Vaults:5)
  20 yaktaur captains
  8 entropy weavers
  4 spriggan air magi
  11 great orbs of eyes
  3 ogre magi
  8 ice dragons
  4 hell beasts
  5 peacekeepers
  4 rakshasas
  9 alligators
  A catoblepas (D:15)
  34 vault guards
  28 hydras
  11 two-headed ogres
  A centaur warrior (Vaults:3)
  14 ironbound frosthearts
  2 radroaches
  5 jorogumos
  2 ghost crabs (Swamp:2)
  A sphinx zombie (Depths:2)
  2 satyrs (Zot:4)
  5 boulder beetles
  4 deep troll shamans
  A two-headed ogre (shapeshifter) (Depths:3)
  8 deep troll earth magi
  A sphinx skeleton (Depths:3)
  6 tengu warriors
  6 demonic crawlers
  3 orc high priests (Orc:2)
  A hell hog (Depths:4)
  7 death yaks
  2 vampire magi
  3 spriggan berserkers
  12 hell knights
  A soul eater (Depths:1)
  2 sun demons (Depths:1)
  5 iron trolls
  3 spectral death yaks
  2 sixfirhies
  A spectral spark wasp (Depths:4)
  8 goliath frogs
  5 glowing orange brains
  7 pharaoh ants
  5 spriggan druids
  A death drake (Depths:4)
  A shadow demon (D:7)
  A flayed ghost (Depths:4)
  32 deep trolls
  A quicksilver dragon simulacrum (Depths:4)
  2 deep trolls (shapeshifter)
  13 orb spiders
  A spectral hydra (Lair:2)
  A spectral anaconda (Lair:5)
  5 bog bodies
  A sun moth (shapeshifter) (Depths:2)
  7 phantasmal warriors
  7 arcanists
  5 orc knights
  An obsidian statue (Lair:5)
  15 swamp dragons
  14 lindwurms
  5 steelbarb worms
  2 tengu skeletons
  6 harpies
  A tengu zombie (Depths:2)
  5 orc sorcerers
  An eye of devastation (shapeshifter) (Vaults:5)
  18 ironbound convokers
  A frost giant zombie (Depths:3)
  19 necromancers
  3 deep elf pyromancers
  2 oklob plants
  A will-o-the-wisp (Swamp:3)
  24 wolf spiders
  6 manticores
  A human zombie (Vaults:3)
  3 cyclopes
  A shadow dragon skeleton (Vaults:4)
  29 moths of wrath
  53 ugly things
  6 meliai
  5 elephants (Lair:5)
  A moth of wrath (shapeshifter) (Depths:3)
  A human skeleton (Vaults:3)
  26 vault sentinels
  21 slime creatures
  2 kobold blastminers (Orc:2)
  2 ice statues (IceCv)
  A dire elephant zombie (Lair:5)
  7 torpor snails
  7 cane toads
  5 gargoyles
  A cane toad (shapeshifter) (D:13)
  An orange demon (Zot:3)
  7 rime drakes
  A kobold demonologist (D:11)
  A hellion (Depths:1)
  A yaktaur zombie (Vaults:3)
  11 komodo dragons
  Jeremiah (D:6)
  35 yaktaurs
  2 efreet
  2 freezing wraiths
  An ice devil (Zot:5)
  A tengu conjurer (Depths:4)
  A tengu simulacrum (Vaults:4)
  A queen bee (Lair:4)
  A hellwing (D:6)
  7 trolls
  23 hornets
  A troll (shapeshifter) (Spider:3)
  18 blink frogs
  29 tarantellas
  A wind drake (shapeshifter) (Depths:2)
  A polar bear (Lair:4)
  A yaktaur skeleton (Vaults:4)
  A glass eye (Depths:2)
  A raiju (shapeshifter) (Vaults:5)
  A human simulacrum (Vaults:1)
  8 dream sheep
  10 tyrant leeches
  2 spectral black mambas (Lair:2)
  32 jumping spiders
  25 culicivoras
  17 spriggans
  12 water elementals
  2 hogs (D:13)
  3 vampires
  5 wyverns
  2 wraiths
  29 yaks
  3 fire elementals (Volcano)
  4 fire bats (Depths:4)
  8 basilisks
  Grum (D:10)
  2 steam dragons
  An elf skeleton (Vaults:4)
  73 redbacks
  6 wargs
  14 vampire mosquitoes
  25 swamp worms
  An acid dragon (D:11)
  8 water moccasins
  2 hydra simulacra
  7 swamp drakes (Swamp:4)
  3 sky beasts
  8 laughing skulls
  21 orc warriors
  An ice beast (D:6)
  A black bear (Lair:1)
  A black bear (shapeshifter) (D:14)
  A black mamba simulacrum (Lair:3)
  7 centaurs
  5 wolves (Lair:3)
  2 elephant zombies (Lair:5)
  6 ogres
  5 kobold brigands
  11 bullfrogs
  4 gnoll sergeants
  3 cane toad simulacra
  2 scorpions
  13 wights
  A dream sheep simulacrum (Lair:3)
  2 elephant simulacra (Lair:5)
  48 killer bees
  3 howler monkeys (D:9)
  7 electric eels
  A torpor snail simulacrum (Lair:2)
  2 lava snakes (Lair:4)
  3 jellies
  2 bombardier beetles
  2 gnoll boudas (D:10)
  2 komodo dragon simulacra
  13 orc priests
  11 hounds
  A hell rat (Lair:4)
  3 iguanas
  Natasha (thrice) (D:2)
  21 orc wizards
  A sleepcap (D:5)
  3 polar bear simulacra
  2 basilisk simulacra (Lair:3)
  5 adders
  29 gnolls
  3 shadow imps
  4 white imps
  4 ufetubi (D:6)
  3 dart slugs
  A ribbon worm (D:2)
  53 orcs
  8 ball pythons
  3 bats
  4 endoplasms
  A giant cockroach (D:3)
  12 goblins
  11 hobgoblins
  4 jackals (D:10)
  33 kobolds
  2 quokkas (D:1)
  A frilled lizard (D:2)
  6 rats
  An aspiring flesh (Zot:3)
2017 creatures vanquished.

Vanquished Creatures (collateral kills)
  An orb of fire (Zot:4)
  A deep troll earth mage (Vaults:1)
  A necromancer (Vaults:1)
  2 yaks (Lair:4)
  2 water elementals (Depths:2)
  A water moccasin (Lair:4)
  A killer bee (Lair:4)
9 creatures vanquished.

Vanquished Creatures (others)
  A fire giant (Vaults:5)
  An ice dragon (Depths:2)
  An alligator (Swamp:2)
  A wolf spider (Spider:3)
  2 bloated husks
  A hornet (Swamp:4)
  A human (D:13)
  A redback (Spider:2)
  2 laughing skulls
  2 killer bees (Lair:4)
  An orc priest (Orc:2)
  An orc wizard (Orc:2)
  An orc (Orc:2)
  6 foxfires (Swamp:3)
  A lurking horror (D:6)
23 creatures vanquished.

Grand Total: 2049 creatures vanquished

Notes
Turn   | Place    | Note
-------+----------+-------------------------------------------
     0 | D:1      | GordonOverkill the Oni Berserker began the quest for the
                  | Orb.
     0 | D:1      | Reached XP level 1. HP: 24/24 MP: 1/1
   284 | D:1      | Reached XP level 2. HP: 25/32 MP: 2/2
   593 | D:1      | You fall into a shaft and drop 1 floor!
   608 | D:2      | Found a blossoming altar of Fedhas.
   637 | D:2      | Noticed Natasha
   644 | D:2      | Killed Natasha
   645 | D:2      | Reached XP level 3. HP: 39/39 MP: 3/3
   703 | D:2      | Noticed Natasha
   708 | D:2      | Killed Natasha
   709 | D:2      | Reached skill level 5 in Maces & Flails
   709 | D:2      | Reached XP level 4. HP: 48/48 MP: 4/4
  1070 | D:2      | Noticed Natasha
  1075 | D:2      | Killed Natasha
  1087 | D:2      | Reached XP level 5. HP: 36/54 MP: 5/5
  1235 | D:1      | Reached ** piety under Trog
  3158 | D:4      | Reached XP level 6. HP: 58/62 MP: 6/6
  3278 | D:4      | Found a blossoming altar of Fedhas.
  3584 | D:4      | Found a sparkling altar of Nemelex Xobeh.
  3929 | D:5      | Entered Level 5 of the Dungeon
  4160 | D:5      | Reached XP level 7. HP: 70/70 MP: 7/7
  4384 | D:5      | Found Nienwof's CLEARANCE SALE!.
  4391 | D:5      | Bought a scroll of fog for 32 gold pieces
  4391 | D:5      | Bought a scroll of identify for 16 gold pieces
  4391 | D:5      | Bought a scroll of identify for 16 gold pieces
  4391 | D:5      | Bought a potion of attraction for 24 gold pieces
  4391 | D:5      | Bought a scroll of vulnerability for 32 gold pieces
  4391 | D:5      | Bought a +0 cloak for 36 gold pieces
  4809 | D:6      | Noticed Jeremiah
  5048 | D:6      | Killed Jeremiah
  5049 | D:6      | Reached XP level 8. HP: 63/78 MP: 8/8
  5052 | D:6      | Reached skill level 10 in Maces & Flails
  5088 | D:6      | Reached skill level 5 in Fighting
  5417 | D:6      | Found a bloodstained altar of Trog.
  5504 | D:6      | Found a one-way gate to the infinite horrors of the Abyss.
  5504 | D:6      | Found a corrupted altar of Lugonu.
  5732 | D:6      | Found a shimmering blue altar of Sif Muna.
  5973 | D:7      | Found a staircase to the Ecumenical Temple.
  5999 | D:7      | Reached XP level 9. HP: 84/89 MP: 9/9
  7483 | D:8      | Noticed Gastronok
  7489 | D:8      | Killed Gastronok
  7490 | D:8      | Reached XP level 10. HP: 98/98 MP: 10/10
  7606 | D:8      | Reached *** piety under Trog
  7740 | D:8      | Paralysed by a hornet for 2 turns
  8891 | D:9      | Reached skill level 15 in Maces & Flails
  8899 | D:9      | Noticed a cyclops
  9172 | D:9      | Killed a cyclops
  9916 | D:10     | Entered Level 10 of the Dungeon
 10487 | D:10     | Paralysed by a hornet for 2 turns
 10499 | D:9      | Paralysed by a hornet for 3 turns
 10893 | D:10     | Reached XP level 11. HP: 111/117 MP: 11/11
 11076 | D:10     | Reached skill level 10 in Fighting
 11240 | D:10     | Noticed Grum
 11249 | D:10     | Killed Grum
 11380 | D:10     | Found Zesatwafer's Self-Improvement Boutique.
 12177 | D:10     | Reached skill level 5 in Dodging
 12182 | D:10     | Reached **** piety under Trog
 12444 | D:11     | Found Qyhock's Weapon Emporium.
 12445 | D:11     | Found a staircase to the Orcish Mines.
 12852 | D:11     | Noticed a brown ugly thing
 12863 | D:11     | Killed a brown ugly thing
 13665 | D:11     | Found a staircase to the Lair.
 14318 | D:11     | Noticed a brown ugly thing
 14346 | D:11     | Killed a brown ugly thing
 14650 | Lair:1   | Entered Level 1 of the Lair of Beasts
 15252 | Lair:1   | Reached XP level 12. HP: 110/126 MP: 12/12
 15804 | Lair:1   | Found the +3 crown of Dyrovepreva {rElec Int+2 SInv}
 15933 | Lair:1   | Identified the flux talisman of Menulaid {rElec rPois rF+++
                  | Str-5}
 16239 | Lair:2   | Noticed a seven-headed hydra
 16244 | Lair:2   | Killed a seven-headed hydra
 16796 | Lair:2   | Found a runed translucent gate.
 16796 | Lair:2   | Found a runed translucent gate.
 16796 | Lair:2   | Found a runed translucent gate.
 16796 | Lair:2   | Noticed Xudgha's ghost (journeyman MiFi)
 16918 | Lair:2   | You fall into a shaft and drop 1 floor!
 17029 | Lair:3   | Noticed a boulder beetle
 17047 | Lair:3   | Killed a boulder beetle
 17627 | Lair:3   | Found a hole to the Spider Nest.
 17752 | Lair:3   | Found a runed translucent gate.
 17752 | Lair:3   | Found a runed translucent gate.
 17752 | Lair:3   | Found a runed translucent gate.
 17770 | Lair:3   | Noticed Deesahac's ghost (journeyman BaFi)
 18604 | Lair:3   | Got the ring "Sysimani" {Fire Fly rElec rN++ Dex-2 Slay+2}
 18630 | Lair:3   | Killed Deesahac's ghost
 18631 | Lair:3   | Reached XP level 13. HP: 133/133 MP: 13/13
 18689 | Lair:3   | Found a burning altar of Makhleb.
 19373 | Lair:4   | Found a dark tunnel.
 19379 | Volcano  | Entered a volcano
 19557 | Volcano  | Noticed a stone giant
 19568 | Volcano  | Killed a stone giant
 20242 | Lair:4   | Identified the +1 spear of Zin's Whim {elec, ^Drain rF+
                  | Will+++ SInv}
 21313 | Lair:4   | Reached skill level 15 in Fighting
 22227 | Lair:5   | Entered Level 5 of the Lair of Beasts
 22339 | Lair:5   | Found a staircase to the Slime Pits.
 22340 | Lair:5   | Found a viscous altar of Jiyva.
 22567 | Lair:5   | Reached XP level 14. HP: 159/159 MP: 14/14
 22912 | Lair:5   | Noticed a dire elephant
 22912 | Lair:5   | Identified the +9 trident of the Elven Halls {drain, Fly
                  | Will++}
 22912 | Lair:5   | Noticed a dire elephant
 24227 | Lair:5   | Killed a dire elephant
 24233 | Lair:5   | Killed a dire elephant
 25291 | D:12     | Found the +1 robe of Vines {NoPotionHeal Regen++++}
 25616 | D:12     | Reached skill level 1 in Armour
 26508 | D:13     | Noticed Kirke
 26516 | D:13     | Killed Kirke
 27107 | D:13     | Reached skill level 5 in Armour
 28392 | D:14     | Reached XP level 15. HP: 135/167 MP: 15/15
 28508 | D:14     | Found a gate to the Vaults.
 28848 | D:14     | Found Nomuonext's Antique Armour Shop.
 28852 | D:14     | Found Udigil's Distillery.
 28861 | D:14     | Bought a potion of curing for 48 gold pieces
 28861 | D:14     | Bought a potion of enlightenment for 80 gold pieces
 28861 | D:14     | Bought a potion of mutation for 128 gold pieces
 28861 | D:14     | Bought a potion of curing for 48 gold pieces
 28861 | D:14     | Bought a potion of enlightenment for 80 gold pieces
 28861 | D:14     | Bought a potion of invisibility for 128 gold pieces
 29823 | D:10     | Bought a manual of Shields for 960 gold pieces
 29914 | D:15     | Entered Level 15 of the Dungeon
 29957 | D:15     | Paralysed by an ogre mage for 2 turns
 30197 | D:15     | Reached ***** piety under Trog
 30218 | D:15     | Found a bloodstained altar of Trog.
 30330 | D:15     | Reached skill level 10 in Armour
 30330 | D:15     | Reached skill level 1 in Shields
 31252 | D:15     | Noticed an emperor scorpion
 31263 | D:15     | Killed an emperor scorpion
 31264 | D:15     | Reached skill level 5 in Shields
 31576 | D:15     | Found a staircase to the Depths.
 32084 | Orc:1    | Entered Level 1 of the Orcish Mines
 32376 | Orc:1    | Found a frozen archway.
 32402 | IceCv    | Entered an ice cave
 32570 | IceCv    | Found a transporter.
 32581 | IceCv    | Found a transporter.
 32659 | IceCv    | Reached skill level 10 in Shields
 33038 | Orc:2    | Entered Level 2 of the Orcish Mines
 33038 | Orc:2    | Noticed an orc warlord
 33054 | Orc:1    | Reached XP level 16. HP: 125/176 MP: 16/16
 33911 | Orc:2    | Found a staircase to the Elven Halls.
 33944 | Orc:2    | Received a gift from Trog
 34595 | Orc:2    | Found Agreamm's Armour Emporium.
 34595 | Orc:2    | Found Yqiam's Weapon Boutique.
 34597 | Orc:2    | Found Purolyapt's Antique Weapon Emporium.
 34597 | Orc:2    | Found Peorgh's General Store.
 34606 | Orc:2    | Bought a scroll of fog for 56 gold pieces
 34606 | Orc:2    | Bought a potion of curing for 42 gold pieces
 34606 | Orc:2    | Bought a potion of haste for 140 gold pieces
 35325 | Lair:2   | Found a staircase to the Swamp.
 35701 | Lair:2   | Killed Xudgha's ghost
 35793 | Swamp:1  | Entered Level 1 of the Swamp
 37067 | Swamp:2  | Received a gift from Trog
 37431 | Swamp:2  | Noticed Roxanne
 38046 | Swamp:2  | Reached skill level 15 in Shields
 38102 | Swamp:2  | Identified the +0 long sword of the Dancing Gods {heavy,
                  | rElec Will- Str+2}
 38311 | Swamp:2  | Identified a scroll of acquirement
 38312 | Swamp:2  | Acquired 800 gold pieces
 38500 | Swamp:3  | Reached XP level 17. HP: 148/184 MP: 17/17
 39394 | Swamp:4  | Entered Level 4 of the Swamp
 40245 | Swamp:4  | Noticed a tentacled monstrosity
 40255 | Swamp:4  | Killed a tentacled monstrosity
 40255 | Swamp:4  | Received a gift from Trog
 40256 | Swamp:4  | Reached skill level 10 in Dodging
 40381 | Swamp:4  | Noticed the 27-headed Lernaean hydra
 40392 | Swamp:4  | Killed the 27-headed Lernaean hydra
 41002 | Swamp:4  | Got a decaying rune of Zot
 41438 | Spider:1 | Entered Level 1 of the Spider Nest
 42183 | Spider:1 | Identified the +2 orcbow "Seduinag" {freeze, rCorr Int-3
                  | Stlth+}
 42816 | Spider:1 | Reached XP level 18. HP: 150/189 MP: 18/18
 44179 | Spider:2 | Received a gift from Trog
 46287 | Spider:3 | Reached skill level 15 in Armour
 46306 | Spider:3 | Reached skill level 1 in Evocations
 47026 | Spider:4 | Entered Level 4 of the Spider Nest
 47649 | Spider:4 | Received a gift from Trog
 48074 | Spider:4 | Reached skill level 5 in Evocations
 48754 | Spider:4 | Reached XP level 19. HP: 203/204 MP: 19/19
 49212 | Spider:4 | Got a gossamer rune of Zot
 49649 | Vaults:1 | Entered Level 1 of the Vaults
 50584 | Vaults:1 | Received a gift from Trog
 51000 | Vaults:1 | Found Naypt's Armour Boutique.
 51906 | Vaults:2 | Paralysed by a formless jellyfish for 1 turns
 53529 | Vaults:2 | Found Pumah's Distillery.
 53536 | Vaults:2 | Bought a potion of resistance for 230 gold pieces
 53536 | Vaults:2 | Bought a potion of might for 92 gold pieces
 53536 | Vaults:2 | Bought a potion of heal wounds for 115 gold pieces
 53536 | Vaults:2 | Bought a potion of invisibility for 184 gold pieces
 53536 | Vaults:2 | Bought a potion of haste for 230 gold pieces
 53536 | Vaults:2 | Bought a potion of cancellation for 184 gold pieces
 53536 | Vaults:2 | Bought a potion of curing for 69 gold pieces
 53536 | Vaults:2 | Bought 2 potions of haste for 460 gold pieces
 53730 | Vaults:2 | Found a staircase to the Crypt.
 54149 | Vaults:2 | Reached XP level 20. HP: 219/234 MP: 20/20
 55259 | Vaults:3 | Found a gateway to a bazaar.
 55269 | Bazaar   | Entered a bazaar
 55304 | Bazaar   | Found Maapuamp's Armour Emporium.
 55304 | Bazaar   | Found Voupesu's General Store.
 55324 | Bazaar   | Found Cohunwyi's Jewellery Emporium.
 55324 | Bazaar   | Found Wuppistre's Armour Shoppe.
 55345 | Bazaar   | Found Ilamuosk's Distillery.
 55425 | Bazaar   | Bought a scarf of resistance for 384 gold pieces
 55461 | Bazaar   | Bought a potion of heal wounds for 45 gold pieces
 55461 | Bazaar   | Bought a potion of mutation for 72 gold pieces
 55461 | Bazaar   | Bought a potion of might for 36 gold pieces
 55461 | Bazaar   | Bought a potion of haste for 90 gold pieces
 55487 | Bazaar   | Bought a scroll of enchant weapon for 135 gold pieces
 55487 | Bazaar   | Bought a scroll of teleportation for 54 gold pieces
 55487 | Bazaar   | Bought a scroll of fog for 72 gold pieces
 55514 | Bazaar   | Bought a potion of curing for 27 gold pieces
 55673 | Vaults:3 | Received a gift from Trog
 56015 | Vaults:3 | Paralysed by a formless jellyfish for 1 turns
 56960 | Vaults:3 | Noticed Nikola
 56970 | Vaults:3 | Killed Nikola
 57087 | Vaults:3 | Received a gift from Trog
 58512 | Vaults:4 | Reached XP level 21. HP: 256/258 MP: 21/21
 59746 | Vaults:4 | Received a gift from Trog
 59751 | Vaults:4 | Reached skill level 27 in Fighting
 60261 | Depths:1 | Entered Level 1 of the Depths
 60321 | Depths:1 | Found a one-way gate leading to the halls of Pandemonium.
 60628 | Depths:1 | Found Ogufoceh's Antique Armour Emporium.
 60633 | Depths:1 | Found Coshio Niyn's Jewellery Shoppe.
 60711 | Depths:1 | Found a glowing silver altar of Zin.
 61547 | Depths:1 | Found a gateway to Hell.
 61903 | Depths:2 | Received a gift from Trog
 63017 | Depths:3 | Noticed a golden dragon
 63029 | Depths:3 | Killed a golden dragon
 63030 | Depths:3 | Reached XP level 22. HP: 275/275 MP: 22/22
 63669 | Depths:4 | Entered Level 4 of the Depths
 64279 | Depths:2 | Noticed a golden dragon
 64290 | Depths:2 | Killed a golden dragon
 64628 | Depths:2 | Noticed a caustic shrike
 64639 | Depths:2 | Killed a caustic shrike
 64922 | Depths:2 | Noticed a caustic shrike
 64938 | Depths:2 | Killed a caustic shrike
 65010 | Depths:2 | Identified the +2 robe of Veteny {Str+6 Int-3}
 65320 | Depths:3 | Found a sacrificial altar of Ru.
 65351 | Depths:3 | Noticed a juggernaut
 65365 | Depths:3 | Killed a juggernaut
 65953 | Depths:3 | Found a one-way gateway to a ziggurat.
 65954 | Depths:3 | Noticed an ancient lich
 65954 | Depths:3 | Noticed Parghit
 65954 | Depths:3 | Noticed a caustic shrike
 65961 | Depths:3 | Noticed a caustic shrike
 65968 | Depths:3 | Killed a caustic shrike
 65976 | Depths:3 | Noticed a caustic shrike
 66167 | Depths:3 | Killed a caustic shrike
 66225 | Depths:3 | Killed Parghit
 66797 | Depths:4 | Reached ****** piety under Trog
 67003 | Depths:4 | Noticed a golden dragon
 67005 | Depths:4 | Reached XP level 23. HP: 284/284 MP: 23/23
 67015 | Depths:4 | Killed a golden dragon
 67103 | Depths:4 | Received a gift from Trog
 67465 | Depths:4 | Noticed a golden dragon
 67485 | Depths:4 | Killed a golden dragon
 67974 | Depths:4 | Found a gate to the Realm of Zot.
 68547 | Vaults:5 | Entered Level 5 of the Vaults
 68838 | Vaults:5 | Identified the +3 scale mail of the Well-Known Lovers
                  | {SInv}
 68846 | Vaults:5 | Noticed an ancient lich
 68861 | Vaults:5 | Killed an ancient lich
 69027 | Vaults:5 | Identified the +5 flail "Nucrigre" {drain, ^Fragile rN+
                  | Str+3 Dex+7}
 69123 | Vaults:5 | Received a gift from Trog
 69589 | Vaults:5 | Identified the +3 mace "Jenyph" {freeze, rF+ Dex+3}
 70047 | Vaults:5 | Reached XP level 24. HP: 269/271 MP: 23/23
 70059 | Vaults:5 | Noticed Margery
 70070 | Vaults:5 | Killed Margery
 70070 | Vaults:5 | Noticed a dread lich
 70075 | Vaults:5 | Killed a dread lich
 70076 | Vaults:5 | Identified the +6 hand axe "Xeruunew" {pain, rElec Will-
                  | Stlth+}
 70082 | Vaults:5 | Noticed an ancient lich
 70290 | Vaults:5 | Identified the +7 broad axe of Imminent Death {flame, rN+}
                  | (Trog gifted it to you on level 5 of the Vaults)
 70290 | Vaults:5 | Received a gift from Trog
 70688 | Vaults:5 | Identified the +4 great mace of Ravage {pain, rF+ Stlth+}
 70689 | Vaults:5 | Noticed a dread lich
 70705 | Vaults:5 | Killed a dread lich
 70743 | Vaults:5 | Killed an ancient lich
 71379 | Vaults:5 | Got a silver rune of Zot
 72034 | Zot:1    | Entered Level 1 of the Realm of Zot
 72162 | Zot:1    | You fall into a shaft and drop 1 floor!
 72181 | Zot:2    | Identified the +1 flail of Autumn {antimagic, Fly Dex+4
                  | SInv} (Trog gifted it to you on level 2 of the Realm of
                  | Zot)
 72181 | Zot:2    | Received a gift from Trog
 72943 | Zot:1    | Noticed an orb of fire
 72955 | Zot:1    | Gained mutation: Your spells are a little easier to cast,
                  | but a little less powerful. [an orb of fire]
 72961 | Zot:1    | Killed an orb of fire
 72980 | Zot:1    | Noticed an orb of fire
 72993 | Zot:1    | Gained mutation: You are clumsy. (Dex -2) [an orb of fire]
 73009 | Zot:1    | Gained mutation: You occasionally lose the ability to drink
                  | potions when taking damage. [an orb of fire]
 73010 | Zot:1    | Killed an orb of fire
 73135 | Zot:1    | Lost mutation: You occasionally lose the ability to drink
                  | potions when taking damage. [potion of mutation]
 73135 | Zot:1    | Lost mutation: You are clumsy. (Dex -2) [potion of
                  | mutation]
 73135 | Zot:1    | Gained mutation: Your mind is acute. (Int +4, Str/Dex -1)
                  | [potion of mutation]
 73135 | Zot:1    | Gained mutation: You occasionally shout uncontrollably at
                  | your foes. [potion of mutation]
 73135 | Zot:1    | Gained mutation: Your natural rate of healing is unusually
                  | fast. [potion of mutation]
 73671 | Zot:2    | Reached XP level 25. HP: 287/295 MP: 23/23
 73765 | Zot:2    | Received a gift from Trog
 75529 | Zot:3    | Received a gift from Trog
 77439 | Zot:4    | Reached skill level 27 in Armour
 78176 | Zot:4    | Found a runed translucent gate.
 78180 | Zot:4    | Found a runed translucent gate.
 78319 | Zot:4    | Reached XP level 26. HP: 299/305 MP: 23/23
 78878 | Zot:4    | Found a runed translucent gate.
 78878 | Zot:4    | Noticed ongoing's ghost (legendary FoMo)
 79017 | Zot:4    | Noticed a dread lich
 79027 | Zot:4    | Killed a dread lich
 79045 | Zot:4    | Received a gift from Trog
 79196 | Zot:4    | Killed ongoing's ghost
 79346 | Zot:5    | Entered Level 5 of the Realm of Zot
 80052 | Zot:5    | Noticed an orb of fire
 80078 | Zot:5    | Noticed an orb of fire
 80227 | Zot:5    | Reached skill level 10 in Evocations
 80231 | Zot:5    | Noticed an orb of fire
 80236 | Zot:5    | Lost mutation: Your natural rate of healing is unusually
                  | fast. [an orb of fire]
 80248 | Zot:5    | Killed an orb of fire
 80253 | Zot:5    | Lost mutation: Your mind is acute. (Int +4, Str/Dex -1) [an
                  | orb of fire]
 80263 | Zot:4    | Killed an orb of fire
 80415 | Zot:5    | Noticed an orb of fire
 80422 | Zot:5    | Noticed a Killer Klown
 80427 | Zot:5    | Killed an orb of fire
 80449 | Zot:5    | Killed a Killer Klown
 80511 | Zot:5    | Gained mutation: Your magical capacity is low. (-10% MP)
                  | [an orb of fire]
 80517 | Zot:5    | Noticed an ancient lich
 80521 | Zot:5    | Gained mutation: You are weak. (Str -2) [an orb of fire]
 80533 | Zot:5    | Killed an orb of fire
 80539 | Zot:5    | Killed an ancient lich
 80777 | Zot:5    | Noticed a dread lich
 80786 | Zot:5    | Killed a dread lich
 80987 | Zot:5    | Noticed a Killer Klown
 81045 | Zot:5    | Killed a Killer Klown
 81477 | Zot:5    | Noticed a Killer Klown
 81491 | Zot:5    | Killed a Killer Klown
 81590 | Zot:5    | Noticed an ancient lich
 81599 | Zot:5    | Killed an ancient lich
 81798 | Zot:5    | Noticed a Killer Klown
 81822 | Zot:5    | Identified the +6 morningstar "Ytrijy Kiree" {heavy, *Noise
                  | rPois Will+++ SInv} (Trog gifted it to you on level 5 of
                  | the Realm of Zot)
 81822 | Zot:5    | Received a gift from Trog
 81824 | Zot:5    | Killed a Killer Klown
 81825 | Zot:5    | Noticed a Killer Klown
 81838 | Zot:5    | Killed a Killer Klown
 81886 | Zot:5    | Noticed a Killer Klown
 81894 | Zot:5    | Killed a Killer Klown
 82535 | Zot:5    | Noticed a Killer Klown
 82543 | Zot:5    | Reached XP level 27. HP: 305/323 MP: 20/20
 82742 | Zot:5    | Got the Orb of Zot
 83255 | D:15     | Gained mutation: You occasionally lose the ability to read
                  | scrolls when taking damage. [a cacodemon]
 83552 | D:$      | Escaped with the Orb!

Illustrated notes

Levels and vault maps discovered:
D:1:      scummos_arrival_checkerplants, layout_basic
D:2:      kennysheep_the_goblin_king, layout_basic, basic_altar, uniq_natasha
D:3:      layout_loops_ring, kennysheep_generic_room_16
D:4:      layout_basic, nemelex_spade_bored_becter, fedhas_altar_2
D:5:      layout_loops_ring, nicolae_shop_clearance
D:6:      layout_cave_pools, hellmonk_sif_muna_bookshelves,
          mainiacjoe_overflow_concentric_impassable, serial_rivers,
          chequers_serial_rivers_room_a, chequers_serial_rivers_small_b,
          chequers_serial_rivers_room_a, chequers_serial_rivers_large_b,
          amcnicky_altar_lugonu_corruption, uniq_jeremiah
D:7:      layout_cave_pods, nicolae_overflow_hidden_temple,
          minmay_temple_entry_waves
D:8:      layout_loops_ring, uniq_gastronok
D:9:      layout_basic
D:10:     layout_cave_pools, serial_gnoll_camp, grums_kennel,
          gnoll_camp_medium_02, gnoll_camp_medium_01, gnoll_camp_mini_doghouse,
          dk_noncrumbling_4, kennysheep_flooded_box, nicolae_shop_self_help
D:11:     layout_irregular_city, erik_lair_dragon, orc_david_3
D:12:     layout_small_grid, hellmonk_guarded_unrand_vines
D:13:     layout_layer_cave, minmay_fractal_squares_gapless_7, uniq_kirke
D:14:     layout_long_grid, david_vaults_5, serial_shops, nicolae_shop_crystal,
          shop
D:15:     hangedman_depths_entry_try_elsewhere_first, layout_basic,
          small_statue_intersection, bloody_trog
Lair:1:   layout_concentric_octagons, minmay_lair_oklob_items, minivault_25
Lair:2:   layout_regular_city, minmay_swamp_entry_worms,
          gammafunk_ghost_necromancy, grunt_forest_large_clearing_hut
Lair:3:   layout_big_grid, spider_nest_entry_webs, gammafunk_ghost_icy,
          lemuel_oklob_altar
Lair:4:   regret_index_tunnel_blossom, layout_cellular_growth, enter_volcano_2,
          nicolae_lair_liquid_snakes
Lair:5:   due_jungle_book, layout_cave_pods, slime_entry_1, lemuel_fruit_fields,
          serial_bayou_shore_a
Swamp:1:  nicolae_swamp_ascending_descending, layout_falls_marsh,
          evilmike_swamp_ruin_house_4, nicolae_swamp_decorative_isthmus
Swamp:2:  layout_falls_marsh, evilmike_swamp_ruin_house_2, uniq_roxanne
Swamp:3:  layout_basic_swamp, evilmike_swamp_ruin_house_5
Swamp:4:  swamp_old_school, layout_basic_swamp
Spider:1: layout_spider_delve, hangedman_spider_tarantella_strand
Spider:2: layout_spider_delve
Spider:3: layout_spider_delve, hive_lemuel
Spider:4: spider_rune_water, hellmonk_deceptive_appearances
Orc:1:    layout_caves, portal_ice_cave_rime
Orc:2:    grunt_orc_tribal_feast, layout_diamond_mine
Vaults:1: serial_ice_h, v_misc_5, vaults_dpeg_diagonal,
          nicolae_vaults_taking_the_gang_shopping, grunt_vaults_hallway_long,
          hangedman_vaults_corner_blocks, nicolae_vaults_doubleplus_tesselated,
          nicolae_vaults_tetromino_L_2, nicolae_vaults_library_corner,
          nicolae_vaults_wine_cellar, layout_vaults_chaotic_city
Vaults:2: nicolae_vaults_network_quinsquares
          [nicolae_vaults_network_quincunx_subvault,
          nicolae_vaults_network_quincunx_subvault,
          nicolae_vaults_network_quincunx_subvault,
          nicolae_vaults_network_quincunx_subvault],
          nicolae_vaults_tetromino_Z_1, v_misc_18,
          nicolae_vaults_closet_pinwheel_5, minmay_crypt_entry_nasty_monster,
          nicolae_vaults_disjoint_gnomons, v_misc_11,
          nicolae_vaults_double_plus_2, vaults_room_boxed,
          nicolae_vaults_tetromino_Z_1, vaults_room_pool,
          ontoclasm_vaults_pinch, hangedman_vaults_impose, st_eye,
          nicolae_vaults_octothorpe, layout_vaults_maze_bifur, serial_shops,
          shop
Vaults:3: nicolae_vaults_surprise_closet, nicolae_vaults_stand_back,
          vaults_room_grunt_arrival_ludios, ontoclasm_vaults_ring_small,
          nicolae_vaults_trapezoid_lopsided_1, dpeg_vaults_monster_row,
          nicolae_vaults_weapon_check, nicolae_vaults_tetromino_L_2,
          hangedman_vaults_snaps, v_misc_10, ontoclasm_vaults_decontamination,
          layout_vaults_ring, serial_shops, freezing_bzr, uniq_nikola
Vaults:4: v_rooms_3, nicolae_vaults_big_angled_halls, v_misc_33,
          hangedman_vaults_stream, vaults_standard_mumra_x, v_misc_33,
          hangedman_vaults_trim, layout_vaults_omnigrid
Vaults:5: uniq_margery
Depths:1: layout_roguey, hellmouth_1, pan_entry, amcnicky_mini_pool_small,
          zin_scriptorium, minmay_shoptagon
Depths:2: kennysheep_four_of_diamonds, layout_honeycomb, hex_medium, hell_entry,
          rand_demon_pan_entry_4, onia_ninara_cookie
Depths:3: minmay_chopped_fan, layout_gridlike, enter_ziggurat_c,
          nicolae_ru_sacrificial_ziggurat, pf_coc_iceberg, abyss_entry,
          uniq_parghit
Depths:4: lemuel_castle_with_subvaults [lemuel_castle_interior_carwin_2],
          layout_gridlike, grunt_mini_vestibule, minmay_fountain_box,
          infiniplex_staircase_pool_lava
Zot:1:    kennysheep_bubbly, layout_misc_corridors
Zot:2:    layout_misc_corridors, hangedman_zot_decor_slant
Zot:3:    layout_gridlike, regret_index_zotdec_decaying_basic, st_stairs_9,
          hangedman_zot_gyre
Zot:4:    grunt_twist_and_shout, layout_onion_interference,
          ebering_ghost_rock_garden, skrybe_zot_glass_2, lemuel_lich_library
Zot:5:    layout_concentric_octagons

Skill      XL: |  1  2  3  4  5  6  7  8  9 10 11 12 13 14 15 16 17 18 19 20 21 22 23 24 25 26 |
---------------+-------------------------------------------------------------------------------+-----
Maces & Flails | 4 5 6 7 9 11 13 15 16 19 20 23 | 23.0
Fighting       | 6 9 10 15 16 21 25 27 | 27.0
Dodging        | 6 10 | 10.0
Armour         | 6 10 12 15 17 20 22 25 27 | 27.0
Shields        | 10 15 | 15.0
Evocations     | 5 7 14 | 14.9

Action                     |  1- 3 |  4- 6 |  7- 9 | 10-12 | 13-15 | 16-18 | 19-21 | 22-24 | 25-27 || total
---------------------------+-------+-------+-------+-------+-------+-------+-------+-------+-------++-------
  Melee: Mace              |    55 |   138 |       |       |       |       |       |       |       ||   193
         Headbutt          |     5 |    19 |    14 |   110 |   186 |   300 |   373 |   468 |   389 ||  1864
         Flail             |       |    11 |     5 |       |       |       |       |       |       ||    16
         Giant club        |       |       |   102 |   640 |   438 |       |       |       |       ||  1180
         Punch             |       |       |     1 |       |       |       |       |       |       ||     1
         Spear             |       |       |       |    10 |       |       |       |       |       ||    10
         Eveningstar       |       |       |       |       |   447 |  1412 |  1279 |  1587 |  1329 ||  6054
  Throw: Boomerang         |       |       |     6 |    20 |     5 |       |       |       |       ||    31
         Large rock        |       |       |       |       |     2 |     5 |    10 |     3 |    48 ||    68
         Throwing net      |       |       |       |       |       |       |       |     2 |     6 ||     8
 Invoke: Berserk           |     4 |     8 |    11 |    35 |    45 |    32 |    33 |    21 |    19 ||   208
         Trog's Hand       |       |       |       |     2 |     1 |     3 |     1 |     2 |       ||     9
         Brothers in Arms  |       |       |       |       |       |     1 |     3 |     1 |     1 ||     6
  Evoke: Wand              |       |       |     9 |     5 |    14 |     1 |     2 |     1 |       ||    32
         Lightning rod     |       |       |       |     7 |       |       |       |     7 |       ||    14
         Sack of spiders   |       |       |       |       |       |       |       |     1 |       ||     1
         Condenser vane    |       |       |       |       |       |       |       |       |     1 ||     1
    Use: Potion            |     1 |       |       |     4 |     4 |     2 |     2 |     5 |     7 ||    25
         Scroll            |       |     8 |     4 |    14 |    10 |     6 |     7 |    13 |     4 ||    66
   Stab: Sleeping          |       |     1 |       |       |       |       |       |       |       ||     1
         Distracted        |       |       |       |       |       |     1 |       |     2 |     2 ||     5
         Invisible         |       |       |       |       |       |       |       |       |     5 ||     5
         Held in net/web   |       |       |       |       |       |       |       |       |     5 ||     5
 Armour: Animal skin       |    61 |   108 |    17 |       |       |       |       |       |       ||   186
         Robe              |       |       |    78 |   513 |   280 |   137 |       |       |       ||  1008
         Steam dragon scal |       |       |       |       |   456 |       |       |       |       ||   456
         Swamp dragon scal |       |       |       |       |       |  1054 |   687 |    83 |       ||  1824
         Gold dragon scale |       |       |       |       |       |       |       |  1332 |  1266 ||  2598
  Dodge: Dodged            |    42 |    83 |    55 |   332 |   323 |   439 |   264 |   259 |   299 ||  2096
  Block: Kite shield       |       |       |       |       |   171 |  1443 |   882 |  1116 |   960 ||  4572
         Reflection        |       |       |       |       |       |    21 |    58 |    24 |    15 ||   118
